Workbook
Name \0: #REF!
Name \00: #REF!
Name \a: #REF!
Name \a: #REF!
Name \AA: [1]LIQUIDACION!#REF!
Name \b: [2]STRSUMM0!#REF!
Name \bb: [2]STRSUMM0!#REF!
Name \E: #REF!
Name \EE: #REF!
Name \G: #REF!
Name \k: '[3]7422CW00'!#REF!
Name \l: [4]STRSUMM0!#REF!
Name \M: #REF!
Name \ñ: '[5]7422CW00'!#REF!
Name \P: #REF!
Name \R: #REF!
Name \s: #REF!
Name \s: #REF!
Name \V: #REF!
Name \X: 'INDICAR CÓDIGO DEL ITEM DE PAGO'!ERR
Name \X: [0]!ERR
Name \Z: 'INDICAR CÓDIGO DEL ITEM DE PAGO'!ERR
Name \Z: [0]!ERR
Name _________AFC1: [6]INV!$A$25:$D$28
Name _________AFC3: [6]INV!$F$25:$I$28
Name _________AFC5: [6]INV!$K$25:$N$28
Name _________BGC1: [6]INV!$A$5:$D$8
Name _________BGC3: [6]INV!$F$5:$I$8
Name _________BGC5: [6]INV!$K$5:$N$8
Name _________CAC1: [6]INV!$A$19:$D$22
Name _________CAC3: [6]INV!$F$19:$I$22
Name _________CAC5: [6]INV!$K$19:$N$22
Name _________PJ50: #REF!
Name _________PJ50: #REF!
Name _________SBC1: [6]INV!$A$12:$D$15
Name _________SBC3: [6]INV!$F$12:$I$15
Name _________SBC5: [6]INV!$K$12:$N$15
Name ________AFC1: [6]INV!$A$25:$D$28
Name ________AFC3: [6]INV!$F$25:$I$28
Name ________AFC5: [6]INV!$K$25:$N$28
Name ________BGC1: [6]INV!$A$5:$D$8
Name ________BGC3: [6]INV!$F$5:$I$8
Name ________BGC5: [6]INV!$K$5:$N$8
Name ________CAC1: [6]INV!$A$19:$D$22
Name ________CAC3: [6]INV!$F$19:$I$22
Name ________CAC5: [6]INV!$K$19:$N$22
Name ________MA2: #REF!
Name ________MA2: #REF!
Name ________PJ50: #REF!
Name ________PJ50: #REF!
Name ________SBC1: [6]INV!$A$12:$D$15
Name ________SBC3: [6]INV!$F$12:$I$15
Name ________SBC5: [6]INV!$K$12:$N$15
Name _______AFC1: [6]INV!$A$25:$D$28
Name _______AFC3: [6]INV!$F$25:$I$28
Name _______AFC5: [6]INV!$K$25:$N$28
Name _______BGC1: [6]INV!$A$5:$D$8
Name _______BGC3: [6]INV!$F$5:$I$8
Name _______BGC5: [6]INV!$K$5:$N$8
Name _______CAC1: [6]INV!$A$19:$D$22

Sheet PRESUPUESTO OFICIAL (Entidad)
C3: Formulario 1 - Propuesta económica - Documento tipo de selección abreviada de menor cuantía - versión 2
C4: Código | D4: CCE-EICP-FM-25
C6: FORMULARIO 1
C7: PRESUPUESTO OFICIAL
C8: [La entidad puede utilizar este formulario de detalle del presupuesto oficial para determinar las condiciones bajo las cuales los proponentes analizarán y presentarán su propuesta económica de forma detallada, sin perjuicio que la entidad pueda modificarlo o establecer la presentación de la oferta económica con un formulario distinto al indicado.]
C10: Adicionalmente, cuando el proceso de contratación es estructurado por precios unitarios, la Entidad debe aplicar las notas 1, 2 y 3 del presente formulario y las casillas de "Descripción", "Porcentaje" de la Administración, Imprevisto, Utilidad y total A.I.U. resaltadas en colo amarillo. Tratándose de otras modalidades de precio, la Entidad puede o no configurar los mismos aspectos.
C11: "MANTENIMIENTO RUTINARIO MEDIANTE ACTIVIDADES DE LIMPIEZA, ROCERIA, CONFORMACIÓN Y/O CONSERVACIÓN DE OBRAS DE DRENAJE, TALUDES Y OTROS SERVICIOS COMPLEMENTARIOS NECESARIOS PARA GARANTIZAR EL CUMPLIMIENTO DE LAS OBLIGACIONES ESTABLECIDAS EN LA LICENCIA AMBIENTAL DEL PROYECTO AEROPUERTO DEL CAFÉ, UBICADO EN EL MUNICIPIO DE PALESTINA – CALDAS, POR EL SISTEMA DE MONTO AGOTABLE. "
C12: Nº | D12: ITEM DE PAGO | E12: DESCRIPCION | F12: UND. | G12: CANTIDAD | H12: VALOR UNITARIO | I12: VALOR TOTAL
D14: 1 | E14: ROCERÍA Y LIMPIEZA
C15: 1 | D15: 1.1 | E15: ROCERÍA MANUAL Y CON GUADAÑA A RAS DE SUELO DE VEGETACIÓN CON DIAMETROS <= 5 CM (INCLUYE ACOPIO Y/O RETIRO EN ZONAS AUTORIZADOS HASTA 100 METROS) | F15: m² | G15: 1 | H15: =+'APU (Entidad)'!J6 -> 271 | I15: =+H15*G15 -> 271
C16: 2 | D16: 1.2 | E16: SUMINISTRO Y APLICACIÓN DE CONTROLADOR DE MALEZA | F16: m² | G16: 1 | H16: =+'APU (Entidad)'!J15 -> 107 | I16: =+H16*G16 -> 107
C17: 3 | D17: 1.3 | E17: JORNAL AYUDANTE | F17: Jr | G17: 1 | H17: =+'APU (Entidad)'!J24 -> 133896 | I17: =+H17*G17 -> 133896
C18: 4 | D18: 1.4 | E18: LIMPIEZA MANUAL Y MANTENIMIENTO DE CANALES, CUNETAS O LINEAS DE DRENAJE (INCLUYE RETIRO DE MATERIAL Y DISPOSICIÓN EN SITIOS AUTORIZADOS) | F18: m | G18: 1 | H18: =+'APU (Entidad)'!J28 -> 1476 | I18: =+H18*G18 -> 1476
C19: 5 | D19: 1.5 | E19: LIMPIEZA MANUAL DE TRANSVERSALES Y DESCOLES (INCLUYE RETIRO DE MATERIAL Y DISPOSICIÓN EN SITIOS AUTORIZADOS) | F19: m | G19: 1 | H19: =+'APU (Entidad)'!J33 -> 11810 | I19: =+H19*G19 -> 11810
C20: 6 | D20: 1.6 | E20: LIMPIEZA MANUAL DE ENROCADOS | F20: m² | G20: 1 | H20: =+'APU (Entidad)'!J38 -> 12990 | I20: =+H20*G20 -> 12990
C21: Subtotal | I21: =+SUM(I15:I20) -> 160550
D22: 2 | E22: MOVIMIENTO DE TIERRAS
C23: 7 | D23: 2.1 | E23: =+'APU (Entidad)'!C43 -> VOLQUETA 7M3 (CARGUE MECANICO Y TRANSPORTE HASTA 5 KM) | F23: Viaje | G23: 1 | H23: =+'APU (Entidad)'!J43 -> 199415 | I23: =+H23*G23 -> 199415
C24: 8 | D24: 2.2 | E24: =+'APU (Entidad)'!C48 -> RETROCARGADORA DE LLANTAS (INCLUYE OPERADOR, TRANSPORTE Y TODO LO NECESARIO PARA SU CORRECTO FUNCIONAMIENTO) | F24: Hr | G24: 1 | H24: =+'APU (Entidad)'!J48 -> 236156 | I24: =+H24*G24 -> 236156
C25: Subtotal | I25: =+SUM(I23:I24) -> 435571
D26: 3 | E26: CONFORMACIÓN DE CANALES
C27: 9 | D27: 3.1 | E27: EXCAVACIÓN Y CONFORMACIÓN MANUAL DE CANALES REVESTIDAS CON GEOTEXTIL T2400 E IMPRIMADO CON EMULSIÓN ASFÁLTICA | F27: m² | G27: 1 | H27: =+'APU (Entidad)'!J51 -> 34622 | I27: =+H27*G27 -> 34622
C28: 10 | D28: 3.2 | E28: EXCAVACIÓN Y CONFORMACIÓN MANUAL DE CANALES EN TIERRA. | F28: m³ | G28: 1 | H28: ='APU (Entidad)'!J59 -> 28214 | I28: =+H28*G28 -> 28214
C29: 11 | D29: 3.3 | E29: =+'APU (Entidad)'!C67 -> CONFORMACIÓN DE BARRERA EN SACO SUELO - 3 SACOS POR ML | F29: m | G29: 1 | H29: =+'APU (Entidad)'!J67 -> 15140 | I29: =+H29*G29 -> 15140
C30: Subtotal | I30: =+SUM(I27:I29) -> 77976
D31: 4 | E31: CERRAMIENTO PROVISIONAL
C32: 12 | D32: 4.1 | E32: CERCA EN GUADUA Y ALAMBRE DE PÚAS CALIBRE 12.5, 5 HILOS, Hlibre=2.00M, GUADUAS CADA 2.00 M | F32: m | G32: 1 | H32: =+'APU (Entidad)'!J74 -> 31370 | I32: =+H32*G32 -> 31370
C33: Subtotal | I33: =+SUM(I32:I32) -> 31370
D34: 5 | E34: TRINCHOS EN GUADUA
C35: 13 | D35: 5.1 | E35: SUMINISTRO, TRANSPORTE E INSTALACIÓN DE TRINCHOS EN GUADUA IMPRIMADO CON EMULSIÓN ASFÁLTICA | F35: m² | G35: 1 | H35: =+'APU (Entidad)'!J82 -> 169567 | I35: =+H35*G35 -> 169567
C36: Subtotal | I36: =+I35 -> 169567
D37: 6 | E37: PROTECCIÓN DE TALUDES Y LADERAS
C38: 14 | D38: 6.1 | E38: =+'APU (Entidad)'!C91 -> PROTECCIÓN DE TALUDES Y LADERAS CON PLASTICO CALIBRE 6 | F38: m² | G38: 1 | H38: =+'APU (Entidad)'!J91 -> 11219 | I38: =+H38*G38 -> 11219
C39: Subtotal | I39: =+SUM(I38:I38) -> 11219
C40: SUBTOTAL OBRAS (VALOR MODIFICABLE) | I40: =+I39+I36+I33+I30+I25+I21 -> 886253
E42: SUBTOTAL OBRAS (INCLUYE IVA) (VALOR MODIFICABLE) | I42: =+I40 -> 886253
E44: COSTOS REEMBOLSABLES (NO MODIFICABLE)
E45: PROVISIÓN GASTOS REEMBOLSABLES (INSUMOS, MATERIALES, HERRAMIENTAS Y OTROS, SEGÚN COMPROBANTES) | F45: Mes | G45: 6 | H45: 700000 | I45: =+H45*G45 -> 4200000
E46: ADMINISTRACIÓN COSTOS REEMBOLSABLES | F46: % | G46: 0.12 | I46: =+I45*G46 -> 504000
E48: VALOR TOTAL DEL PROYECTO (NO MODIFICABLE) | I48: 283000000
C51: NOTA 1: Se debe tener en cuenta que el PRECIO UNITARIO incluye el valor de A.I.U. | F51: DESCRIPCION | I51: PORCENTAJE
C52: NOTA 2: Cuando la fracción decimal del peso sea igual o superior a 5 se aproximara por exceso al número entero siguiente del peso y cuando la fracción decimal del peso sea inferior a 5 se aproximará por defecto al número entero del peso. | F52: ADMINISTRACION | H52: A= | I52: 0.3
C53: NOTA 3: El A.I.U y su discriminación deben estar en porcentaje (%). | F53: IMPREVISTO | H53: I= | I53: 0
F54: UTILIDAD | H54: U= | I54: 0.05
F55: TOTAL A.I.U | H55: A.I.U.= | I55: =+SUM(I52:I54) -> 0.35

Sheet PROPUESTA ECONOMICA(Proponente)
C3: Formulario 1 - Propuesta económica - Documento tipo de selección abreviada de menor cuantía - versión 2
C4: Código | D4: CCE-EICP-FM-25
C6: FORMULARIO 1
C7: PROPUESTA ECONOMICA
C8: [La entidad puede utilizar este formulario de presentación de propuesta económica de forma detallada, sin perjuicio que la entidad pueda modificarlo o establecer la presentación de la oferta económica con un formulario distinto al indicado.] [Los proponentes emplearán el formulario establecido por la entidad para determinar su propuesta económica conforme al Formulario 1 - Presupuesto Oficial publicado por la Entidad]
C10: Cuando el proceso de contratación es estructurado por precios unitarios, la Entidad debe aplicar las notas 1, 2 y 3 del presente formato y las casillas de "Descripción", "Porcentaje" de la Administración, Imprevisto, Utilidad y total A.I.U. resaltadas en color amarillo.
C11: "MANTENIMIENTO RUTINARIO MEDIANTE ACTIVIDADES DE LIMPIEZA, ROCERIA, CONFORMACIÓN Y/O CONSERVACIÓN DE OBRAS DE DRENAJE, TALUDES Y OTROS SERVICIOS COMPLEMENTARIOS NECESARIOS PARA GARANTIZAR EL CUMPLIMIENTO DE LAS OBLIGACIONES ESTABLECIDAS EN LA LICENCIA AMBIENTAL DEL PROYECTO AEROPUERTO DEL CAFÉ, UBICADO EN EL MUNICIPIO DE PALESTINA – CALDAS, POR EL SISTEMA DE MONTO AGOTABLE. "
C12: Nº | D12: ITEM DE PAGO | E12: DESCRIPCION | F12: UND. | G12: CANTIDAD | H12: VALOR UNITARIO | I12: VALOR TOTAL
C16: Subtotal
C22: Subtotal
C32: Subtotal
C37: Subtotal
C40: Subtotal
C41: SUBTOTAL OBRAS
E43: SUBTOTAL OBRAS (INCLUYE IVA)
E45: COSTOS REEMBOLSABLES (NO MODIFICABLE)
E46: PROVISIÓN GASTOS REEMBOLSABLES (INSUMOS, MATERIALES, HERRAMIENTAS Y OTROS, SEGÚN COMPROBANTES) | F46: Mes | G46: 6 | H46: 700000 | I46: =+H46*G46 -> 4200000
E47: ADMINISTRACIÓN COSTOS REEMBOLSABLES | F47: % | G47: 0.12 | I47: =+I46*G47 -> 504000
E49: VALOR TOTAL DEL PROYECTO (NO MODIFICABLE) | I49: 283000000
C52: NOTA 1: Se debe tener en cuenta que el PRECIO UNITARIO incluye el valor de A.I.U. | F52: DESCRIPCION | I52: PORCENTAJE
C53: NOTA 2: Cuando la fracción decimal del peso sea igual o superior a 5 se aproximara por exceso al número entero siguiente del peso y cuando la fracción decimal del peso sea inferior a 5 se aproximará por defecto al número entero del peso. | F53: ADMINISTRACION | H53: A= | I53: [Ofrecimiento del Proponente]
C54: NOTA 3: El A.I.U y su discriminación deben estar en porcentaje (%). | F54: IMPREVISTO | H54: I= | I54: [Ofrecimiento del Proponente]
F55: UTILIDAD | H55: U= | I55: [Ofrecimiento del Proponente]
F56: TOTAL A.I.U | H56: A.I.U.= | I56: [Ofrecimiento del Proponente]
E59: Firma del Proponente o de su Representante Legal

Sheet APU (Entidad)
A1: PROYECTO AEROPUERTO DEL CAFÉ
A2: ANÁLISIS DE PRECIOS UNITARIOS
A3: OBJETO: "MANTENIMIENTO RUTINARIO MEDIANTE ACTIVIDADES DE LIMPIEZA, ROCERIA, CONFORMACIÓN Y/O CONSERVACIÓN DE OBRAS DE DRENAJE, TALUDES Y OTROS SERVICIOS COMPLEMENTARIOS NECESARIOS PARA GARANTIZAR EL CUMPLIMIENTO DE LAS OBLIGACIONES ESTABLECIDAS EN LA LICENCIA AMBIENTAL DEL PROYECTO AEROPUERTO DEL CAFÉ, UBICADO EN EL MUNICIPIO DE PALESTINA – CALDAS, POR EL SISTEMA DE MONTO AGOTABLE"
J4: AIU | K4: 1.35
A5: ÍTEM | B5: CÓDIGO | C5: DESCRIPCIÓN | D5: TIPO | E5: UNIDAD | F5: REND | G5: UNITARIO | H5: TOTAL | J5: TOTAL + AIU
A6: 1.1 | C6: ROCERÍA MANUAL Y CON GUADAÑA A RAS DE SUELO DE VEGETACIÓN CON DIAMETROS <= 5 CM (INCLUYE ACOPIO Y/O RETIRO EN ZONAS AUTORIZADOS HASTA 100 METROS) | D6: Actividad | E6: M2 | H6: 201 | J6: =ROUND(H6*$K$4,0) -> 271
B7: MO001 | C7: AYUDANTE | D7: Cuadrilla | E7: JR | F7: 0.00076923077 | G7: 99182 | H7: 76
B8: MO002 | C8: AYUDANTE PRACTICO | D8: Cuadrilla | E8: JR | F8: 0.00076923077 | G8: 119019 | H8: 92
C9: ACARREO INTERNO | D9: Insumo | E9: UND | F9: 0.002 | G9: 1821 | H9: 4
B10: EQU 01 | C10: GUADAÑA | D10: Equipos | E10: DÍA | F10: 0.0003 | G10: 58824.072 | H10: 18
B11: EQU 02 | C11: GASOLINA | D11: Equipos | E11: GALÓN | F11: 0.0002 | G11: 16200 | H11: 3
C12: EQUIPO BASICO (HERRAMIENTA MENOR) | D12: Herramienta | E12: % MO | F12: 0.05 | G12: 168 | H12: 8
A14: ÍTEM | B14: CÓDIGO | C14: DESCRIPCIÓN | D14: TIPO | E14: UNIDAD | F14: REND | G14: UNITARIO | H14: TOTAL | J14: TOTAL + AIU
A15: 1.2 | C15: SUMINISTRO Y APLICACIÓN DE CONTROLADOR DE MALEZA | D15: Actividad | E15: M2 | H15: 79 | J15: =ROUND(H15*$K$4,0) -> 107
B16: MO002 | C16: AYUDANTE PRACTICO | D16: Cuadrilla | E16: JR | F16: 0.0005 | G16: 119019 | H16: 60
B17: MAT 15 | C17: MATAMALEZAS ORGANICO | D17: Insumo | E17: Litros | F17: 0.0002 | G17: 33000 | H17: 7
C18: PULVERIZADOR | D18: Herramienta | E18: % MO | F18: 0.05 | G18: 60 | H18: 3
C19: AGUA | D19: Insumo | E19: L | F19: 0.002 | G19: 1000 | H19: 2
C20: ACARREO INTERNO | D20: Insumo | E20: UND | F20: 0.002 | G20: 1821 | H20: 4
C21: EQUIPO BASICO (HERRAMIENTA MENOR) | D21: Herramienta | E21: % MO | F21: 0.05 | G21: 60 | H21: 3
A23: ÍTEM | B23: CÓDIGO | C23: DESCRIPCIÓN | D23: TIPO | E23: UNIDAD | F23: REND | G23: UNITARIO | H23: TOTAL | J23: TOTAL + AIU
A24: 1.3 | C24: JORNAL AYUDANTE | D24: Actividad | E24: JR | H24: 99182 | J24: =ROUND(H24*$K$4,0) -> 133896
B25: MO001 | C25: CUADRILLA AYUDANTE | D25: Cuadrilla | E25: JR | F25: 1 | G25: 99182 | H25: 99182
A27: ÍTEM | B27: CÓDIGO | C27: DESCRIPCIÓN | D27: TIPO | E27: UNIDAD | F27: REND | G27: UNITARIO | H27: TOTAL | J27: TOTAL + AIU
A28: 1.4 | C28: LIMPIEZA MANUAL Y MANTENIMIENTO DE CANALES, CUNETAS O LINEAS DE DRENAJE (INCLUYE RETIRO DE MATERIAL Y DISPOSICIÓN EN SITIOS AUTORIZADOS) | D28: Actividad | E28: ML | H28: 1093 | J28: =ROUND(H28*$K$4,0) -> 1476
B29: MO130 | C29: CUADRILLA OBRAS VARIAS | D29: Cuadrilla | E29: JR | F29: 0.0025 | G29: 416564 | H29: 1041
C30: EQUIPO BASICO (HERRAMIENTA MENOR) | D30: Herramienta | E30: % MO | F30: 0.05 | G30: 1041 | H30: 52
A32: ÍTEM | B32: CÓDIGO | C32: DESCRIPCIÓN | D32: TIPO | E32: UNIDAD | F32: REND | G32: UNITARIO | H32: TOTAL | J32: TOTAL + AIU
A33: 1.5 | C33: LIMPIEZA MANUAL DE TRANSVERSALES Y DESCOLES (INCLUYE RETIRO DE MATERIAL Y DISPOSICIÓN EN SITIOS AUTORIZADOS) | D33: Actividad | E33: ML | H33: 8748 | J33: =ROUND(H33*$K$4,0) -> 11810
B34: MO130 | C34: CUADRILLA OBRAS VARIAS | D34: Cuadrilla | E34: JR | F34: 0.02 | G34: 416564 | H34: 8331
C35: EQUIPO BASICO (HERRAMIENTA MENOR) | D35: Herramienta | E35: % MO | F35: 0.05 | G35: 8331 | H35: 417
A37: ÍTEM | B37: CÓDIGO | C37: DESCRIPCIÓN | D37: TIPO | E37: UNIDAD | F37: REND | G37: UNITARIO | H37: TOTAL | J37: TOTAL + AIU
A38: 1.6 | C38: LIMPIEZA MANUAL DE ENROCADOS | D38: Actividad | E38: M2 | H38: 9622 | J38: =ROUND(H38*$K$4,0) -> 12990
B39: MO130 | C39: CUADRILLA OBRAS VARIAS | D39: Cuadrilla | E39: JR | F39: 0.022 | G39: 416564 | H39: 9164
C40: EQUIPO BASICO (HERRAMIENTA MENOR) | D40: Herramienta | E40: % MO | F40: 0.05 | G40: 9164 | H40: 458
A42: ÍTEM | B42: CÓDIGO | C42: DESCRIPCIÓN | D42: TIPO | E42: UNIDAD | F42: REND | G42: UNITARIO | H42: TOTAL | J42: TOTAL + AIU
A43: 2.1 | C43: VOLQUETA 7M3 (CARGUE MECANICO Y TRANSPORTE HASTA 5 KM) | D43: Actividad | E43: VJE | H43: 147715 | J43: =ROUND(H43*$K$4,0) -> 199415
B44: EQU 04 | C44: RETROCARGADOR DE LLANTAS (PAJARITA) | D44: Equipos | E44: HR | F44: 0.33333333 | G44: 174930 | H44: 58310
B45: EQU 08 | C45: VOLQUETA 7 M3 | D45: Equipos | E45: HR | F45: 0.66666667 | G45: 134107.32 | H45: 89405
A47: ÍTEM | B47: CÓDIGO | C47: DESCRIPCIÓN | D47: TIPO | E47: UNIDAD | F47: REND | G47: UNITARIO | H47: TOTAL | J47: TOTAL + AIU
A48: 2.2 | C48: RETROCARGADORA DE LLANTAS (INCLUYE OPERADOR, TRANSPORTE Y TODO LO NECESARIO PARA SU CORRECTO FUNCIONAMIENTO) | D48: Actividad | E48: HR | G48: 174930 | H48: 174930 | J48: =ROUND(H48*$K$4,0) -> 236156
A50: ÍTEM | B50: CÓDIGO | C50: DESCRIPCIÓN | D50: TIPO | E50: UNIDAD | F50: REND | G50: UNITARIO | H50: TOTAL | J50: TOTAL + AIU
A51: 3.1 | C51: EXCAVACIÓN Y CONFORMACIÓN MANUAL DE CANALES REVESTIDAS CON GEOTEXTIL T2400 E IMPRIMADO CON EMULSIÓN ASFÁLTICA | D51: Actividad | E51: M2 | H51: 25646 | J51: =ROUND(H51*$K$4,0) -> 34622
B52: C8 | C52: CUADRILLA AA TIPO 2 (1 OFICIAL + 2 AYUDANTE) (Obra) | D52: Cuadrilla | E52: HR | F52: 0.11344408 | G52: 46573 | H52: 5283
B53: MAT 01 | C53: GEOTEXTIL T2400 | D53: Insumos | E53: M2 | F53: 1.05 | G53: 8169.6667 | H53: 8578
B54: MAT 02 | C54: EMULSION ASFÁLTICA | D54: Insumos | E54: KG | F54: 0.824 | G54: 6700 | H54: 5521
B55: MAT 03 | C55: ESTACAS | D55: Insumos | E55: UND | F55: 4 | G55: 1500 | H55: 6000
C56: EQUIPO BASICO (HERRAMIENTA MENOR) | D56: Herramienta | E56: % MO | F56: 0.05 | G56: 5283 | H56: 264
A58: ÍTEM | B58: CÓDIGO | C58: DESCRIPCIÓN | D58: TIPO | E58: UNIDAD | F58: REND | G58: UNITARIO | H58: TOTAL | J58: TOTAL + AIU
A59: 3.2 | C59: EXCAVACIÓN Y CONFORMACIÓN MANUAL DE CANALES EN TIERRA. | D59: Actividad | E59: m3 | H59: 20899 | J59: =ROUND(H59*$K$4,0) -> 28214
B60: M03 | C60: EQUIPO BASICO ( HERRAMIENTA MENOR ) | D60: Herramienta | E60: und | F60: 0.2 | G60: 3826 | H60: 765
B61: M36 | C61: CORDÓN MANEJO DE AGUAS | D61: Herramienta | E61: dia | F61: 0.01 | G61: 66529 | H61: 665
B62: MO110 | C62: CUADRILLA MOVIMIENTO TIERRA Y DEMOLICIONES | D62: Mano de Obra | E62: JR | F62: 0.014285714 | G62: 852963 | H62: 12185
B63: I26 | C63: ACARREO INTERNO | D63: Mano de Obra | E63: und | F63: 4 | G63: 1821 | H63: 7284
A66: ÍTEM | B66: CÓDIGO | C66: DESCRIPCIÓN | D66: TIPO | E66: UNIDAD | F66: REND | G66: UNITARIO | H66: TOTAL | J66: TOTAL + AIU
A67: 3.3 | C67: CONFORMACIÓN DE BARRERA EN SACO SUELO - 3 SACOS POR ML | D67: Actividad | E67: ML | H67: 11215 | J67: =ROUND(H67*$K$4,0) -> 15140
B68: MO040 | C68: CUADRILLA ACARREOS | D68: Cuadrilla | E68: JR | F68: 0.0066666667 | G68: 297545 | H68: 1984
B69: MO120 | C69: CUADRILLA OBRAS CIVILES | D69: Cuadrilla | E69: JR | F69: 0.0066666667 | G69: 476073 | H69: 3174
B70: MAT 14 | C70: COSTALES DE FIBRA DE 50KG | D70: Insumos | E70: UN | F70: 3 | G70: 1933 | H70: 5799
C71: EQUIPO BASICO (HERRAMIENTA MENOR) | D71: Herramienta | E71: % MO | F71: 0.05 | G71: 5158 | H71: 258
A73: ÍTEM | B73: CÓDIGO | C73: DESCRIPCIÓN | D73: TIPO | E73: UNIDAD | F73: REND | G73: UNITARIO | H73: TOTAL | J73: TOTAL + AIU
A74: 4.1 | C74: CERCA EN GUADUA Y ALAMBRE DE PÚAS CALIBRE 12.5, 5 HILOS, Hlibre=2.00M, GUADUAS CADA 2.00 M | D74: Actividad | E74: M | H74: 23237 | J74: =ROUND(H74*$K$4,0) -> 31370
B75: C1 | C75: CUADRILLA AA TIPO 1 (1 OFICIAL + 1 AYUDANTE) (Obra) | D75: Cuadrilla | E75: HR | F75: 0.2 | G75: 33636 | H75: 6727
B76: MAT 04 | C76: GUADUA CEPA DE 5 VARAS | D76: Insumos | E76: M | F76: 3.2 | G76: 3500 | H76: 11200
B77: MAT 05 | C77: ALAMBRE DE PUAS CAL 12,5 | D77: Insumos | E77: M | F77: 5 | G77: 864 | H77: 4320
B78: MAT 06 | C78: GRAPAS PARA CERCA | D78: Insumos | E78: KG | F78: 0.06 | G78: 10900 | H78: 654
C79: EQUIPO BASICO (HERRAMIENTA MENOR) | D79: Herramienta | E79: % MO | F79: 0.05 | G79: 6727 | H79: 336
A81: ÍTEM | B81: CÓDIGO | C81: DESCRIPCIÓN | D81: TIPO | E81: UNIDAD | F81: REND | G81: UNITARIO | H81: TOTAL | J81: TOTAL + AIU
A82: 5.1 | C82: SUMINISTRO, TRANSPORTE E INSTALACIÓN DE TRINCHOS EN GUADUA IMPRIMADO CON EMULSIÓN ASFÁLTICA | E82: M2 | H82: 125605 | J82: =ROUND(H82*$K$4,0) -> 169567
B83: C8 | C83: CUADRILLA AA TIPO 2 (1 OFICIAL + 2 AYUDANTE) (Obra) | D83: Cuadrilla | E83: HR | F83: 1.4 | G83: 46573 | H83: 65202
B84: EQU 06 | C84: EQUIPO DE TRANSPORTE (CAMIONETA DE ESTACAS 4 X 4) | D84: Equipos | E84: HR | F84: 0.01 | G84: 50178.098 | H84: 502
B85: MAT 02 | C85: EMULSION ASFÁLTICA | D85: Insumos | E85: KG | F85: 0.824 | G85: 6700 | H85: 5521
B86: MAT 11 | C86: ALAMBRE GALVANIZADO CAL. 12 | D86: Insumos | E86: KG | F86: 0.8 | G86: 11400 | H86: 9120
B87: MAT 04 | C87: GUADUA CEPA DE 5 VARAS | D87: Insumos | E87: M | F87: 12 | G87: 3500 | H87: 42000
C88: EQUIPO BASICO (HERRAMIENTA MENOR) | D88: Herramienta | E88: % MO | F88: 0.05 | G88: 65202 | H88: 3260
A90: ÍTEM | B90: CÓDIGO | C90: DESCRIPCIÓN | D90: TIPO | E90: UNIDAD | F90: REND | G90: UNITARIO | H90: TOTAL | J90: TOTAL + AIU
A91: 6.1 | C91: PROTECCIÓN DE TALUDES Y LADERAS CON PLASTICO CALIBRE 6 | D91: Actividad | E91: M2 | H91: 8310 | J91: =ROUND(H91*$K$4,0) -> 11219
B92: MO130 | C92: CUADRILLA DE OBRAS VARIAS | D92: Cuadrilla | E92: JR | F92: 0.01 | G92: 416564 | H92: 4166
B93: MAT 03 | C93: ESTACAS | D93: Insumos | E93: UND | F93: 1 | G93: 1500 | H93: 1500
B94: MAT 16 | C94: PLÁSTICO NEGRO CALIBRE 6 | D94: Insumos | E94: M2 | F94: 1.03 | G94: 2365 | H94: 2436
C95: EQUIPO BASICO (HERRAMIENTA MENOR) | D95: Herramienta | E95: % MO | F95: 0.05 | G95: 4166 | H95: 208

Sheet INDICAR CÓDIGO DEL ITEM DE PAGO
C3: Formulario 1 - Propuesta económica - Documento tipo de selección abreviada de menor cuantía - versión 3
C4: Código | D4: CCE-EICP-FM-25 | E4: Versión | F4: 3
C6: [La entidad podrá utilizar este formato para la presentación de los análisis de precios unitarios el contratista en la oportunidad prevista en el numeral 8.1. del Documento Base]
D9: [NOMBRE DE LA ENTIDAD]
L10: VERSIÓN
D11: [NÚMERO DEL PROCESO]
L12: PÁGINA | M12: 1 | N12: DE | O12: 1
D14: ANALISIS DE PRECIOS UNITARIOS
L16: FECHA | M16: DD | N16: MM | O16: AA
C18: ITEMS DE LA PROPUESTA ECONÓMICA | I18: ITEMS NO PREVISTOS
C22: DATOS ESPECÍFICOS
C24: ITEM | D24: DESCRIPCIÓN | M24: UNIDAD | O24: CANTIDAD
C26: I. EQUIPO
C29: DESCRIPCIÓN | H29: MARCA | J29: TIPO | L29: TARIFA/HORA | M29: RENDIMIENTO | O29: Vr. UNITARIO
C33: SUBTOTAL $
C34: II. MATERIALES
C37: DESCRIPCIÓN | K37: UNIDAD | L37: CANTIDAD | M37: PRECIO UNIT. | O37: Vr. UNITARIO
C40: SUBTOTAL $ | O40: 0
C41: III. TRANSPORTES
C44: MATERIAL | J44: VOL. o PESO | K44: DISTANCIA | L44: M3 o Ton/Km | M44: TARIFA | O44: Vr. UNITARIO
C47: SUBTOTAL $
C48: IV. MANO DE OBRA
C51: TRABAJADOR | J51: JORNAL | K51: PRESTACIONES | L51: JORNAL TOTAL | M51: RENDIMIENTO | O51: Vr. UNITARIO
C56: SUBTOTAL $
C58: TOTAL COSTO DIRECTO $
C59: V. COSTOS INDIRECTOS
C62: Descripción | L62: Porcentaje | M62: Valor Total
C63: ADMINISTRACION
C64: IMPREVISTOS
C65: UTILIDAD
C66: SUBTOTAL $
C68: Precio Unitario Total Aproximado al peso $
H72: Firma
H73: Nombre:
H74: Representante Legal del Contratista o su Apoderado
H75: Matricula No. :
C77: OBSERVACIONES INTERVENTORÍA
C81: APROBACIÓN POR INTERVENTORÍA
C82: Nota 1: Cuando se trate de Análisis de precios unitarios correspondientes a ítems de la propuesta económica aprobada, el Interventor aprueba el desglose de los componentes manteniendo el mismo precio unitario de cada ítem, cumpliendo con las especificaciones de construcción vigentes para el proyecto.
C84: Nota 2: Cuando se trate de Análisis de precios unitarios de ítems no previstos, el Interventor aprueba el desglose y precio unitario de cada ítem no previsto, exigiendo la aplicación de los costos correspondientes a insumos y tarifas de la propuesta económica inicial cuando estén contemplados, cumpliendo con las especificaciones de construcción vigente para el proyecto.
H87: Firma
H88: Nombre:
H89: Representante Legal del Interventor o su Apoderado
H90: Matricula No. :
